 Dungeon Crawl Stone Soup version 0.19.3-4-gbf9329e (webtiles) character file.

6078 markt42 the Cleaver (level 10, -9/92 HPs)
             Began as a Hill Orc Fighter on Jan 29, 2017.
             Was a High Priest of Okawaru.
             Mangled by Reyan's ghost (21 damage)
             ... on level 9 of the Dungeon.
             The game lasted 00:10:55 (10476 turns).

markt42 the Cleaver (Hill Orc Fighter)             Turns: 10476, Time: 00:10:55

Health: -9/92      AC: 13    Str: 22    XL:     10   Next: 88%
Magic:  10/10      EV:  7    Int:  8    God:    Okawaru [*****.]
Gold:   530        SH:  2    Dex: 16    Spells: 0 memorised, 9 levels left

rFire  + . .     SeeInvis +     l - +1 battleaxe of the Puffball {drain, rF+ MR+}
rCold  . . .     Gourm    .     y - +1 plate armour
rNeg   . . .     Faith    .     (shield currently unavailable)
rPois  .         Spirit   .     (helmet restricted)
rElec  .         Reflect  +     (no cloak)
rCorr  .         Harm     .     (no gloves)
MR     +....     Clarity  +     (no boots)
Stlth  ..........               e - +2 amulet of reflection
                                g - +3 ring of dexterity
                                w - ring of see invisible

@: no status effects
A: antennae 1, blurry vision 1, clarity, strong 1
a: Heroism, Finesse, Renounce Religion


You were on level 9 of the Dungeon.
You worshipped Okawaru.
Okawaru was extremely pleased with you.
You were very hungry.

You visited 2 branches of the dungeon, and saw 11 of its levels.

You collected 530 gold pieces.

Inventory:

Hand Weapons
 l - the +1 battleaxe of the Puffball (weapon) {drain, rF+ MR+}
   (Okawaru gifted it to you on level 9 of the Dungeon)

   A truly terrible weapon, it drains the life of those it strikes.
   It protects you from fire.
   It affects your resistance to hostile enchantments.
Armour
 c - a +0 shield
 x - the +0 Maxwell's etheric cage {RegenMP+ *Contam rElec MP+4}
   (You found it on level 7 of the Dungeon)

   It insulates you from electricity.
   It affects your magic capacity (+4).
   It causes magical contamination when unequipped.
 y - a +1 plate armour (worn)
Jewellery
 e - a +2 amulet of reflection (around neck)
 g - a +3 ring of dexterity (right hand)
 h - an uncursed ring of ice
 t - a +2 ring of protection
 w - a ring of see invisible (left hand)
Wands
 b - a wand of lightning (0/15)
 d - a wand of paralysis (10/24)
 z - a wand of paralysis (11/24)
Scrolls
 i - 2 scrolls of magic mapping
 m - 12 scrolls of identify
 n - 4 scrolls of fear
 s - a scroll of enchant weapon
 u - a scroll of silence
 v - 5 scrolls of remove curse
Potions
 k - 3 potions of curing
 q - 2 potions of brilliance
Comestibles
 f - 8 bread rations
 j - 5 beef jerkies
 r - 6 meat rations


   Skills:
 * Level 9.6 Fighting
 * Level 14.7 Axes
 + Level 6.4 Armour
 + Level 1.0 Dodging
 + Level 7.3 Shields
 + Level 0.2 Evocations


You had 9 spell levels left.
You didn't know any spells.

Dungeon Overview and Level Annotations

Branches:
Dungeon (10/15)            Temple (1/1) D:4             Orc (0/2) D:9
   Lair: D:8-11

Altars:
Ashenzari
Cheibriados
Dithmenos
Elyvilon
Fedhas
Gozag
Hepliaklqana
Kikubaaqudgha
Makhleb
Nemelex Xobeh
Okawaru
Qazlal
Ru
Sif Muna
Trog
Uskayaw
Vehumet
Xom
Yredelemnul
Zin
The Shining One

Annotations:
D:9 Reyan's ghost, novice TrMo


Innate Abilities, Weirdness & Mutations

You have a pair of small antennae on your head.
Scrolls take you a little longer to read.
You possess an exceptional clarity of mind.
Your muscles are strong. (Str +2)


Message History

Reyan's ghost hits you!! Reyan's ghost hits you.
There is a stone staircase leading up, spattered with blood here.
You hit Reyan's ghost.
Reyan's ghost is lightly damaged.
Reyan's ghost barely misses you.
You closely miss Reyan's ghost.
Reyan's ghost is lightly damaged.
Reyan's ghost hits you but does no damage.
You hit Reyan's ghost.
Reyan's ghost is lightly damaged.
Reyan's ghost hits you!!
You hit Reyan's ghost.
Reyan's ghost is lightly damaged.
Reyan's ghost hits you!!
* * * LOW HITPOINT WARNING * * *
You are too injured to fight recklessly!
You are too injured to fight recklessly!
Unknown command.
Reyan's ghost hits you!!
You die...

..#### #..####.####..### #....##
#.............# ####..#
#####.............# #####'####
#............###.#### .......(.#
#............# #..... .........#
#............# #.....
.........####............# #.....
.........##.'............###.....
.........#..#...@........#.'.....
.........'.##..W.........+.#....(
.........#######################.
###'###### ##.#.# ##..#.. #..#
##### #....### #..#(.# #.##
#...####.###..####..[[( ##.#####
#.##....#.#.....#..#...
.......####.###..##..##.##.#.).##
............#.......##..#..)##(#.


You could see Reyan's ghost.

Vanquished Creatures
  An ugly thing (D:9)
  A troll (D:9)
  A hornet (D:8)
  A meliai zombie (D:7)
  A wyvern (D:9)
  2 hill giant zombies (D:9)
  2 hungry ghosts (D:9)
  A sky beast (D:6)
  2 ice beasts
  2 orc warriors
  7 phantoms
  The ghost of angel3174 the Slasher, an amateur DsGl (D:3)
  4 ogres
  6 centaurs
  5 bullfrogs
  2 wyvern zombies
  2 gnoll sergeants
  4 scorpions
  4 killer bees (D:9)
  A howler monkey (D:5)
  6 crimson imps
  2 bullfrog zombies
  3 jellies
  4 orc wizards
  4 orc priests
  5 hounds
  2 bullfrog skeletons
  5 worker ants
  4 ogre zombies (D:9)
  A hound zombie (D:9)
  2 hound skeletons
  9 gnolls
  9 adders
  4 shadow imps
  2 oozes
  2 worms (D:3)
  2 dart slugs
  5 leopard geckos
  17 orcs
  7 bats
  9 giant cockroaches
  12 goblins
  10 hobgoblins
  5 jackals (D:5)
  5 quokkas
  2 ball pythons
  6 frilled lizards
  6 goblin skeletons (D:9)
  A hobgoblin skeleton (D:9)
  4 hobgoblin zombies (D:9)
  A jackal skeleton (D:4)
  14 kobolds
  A kobold skeleton (D:9)
  A leopard gecko skeleton (D:4)
  A leopard gecko zombie (D:9)
  8 orc skeletons (D:9)
  11 orc zombies (D:9)
  2 quokka skeletons
  2 quokka zombies
  6 rats
252 creatures vanquished.

Vanquished Creatures (others)
  A centaur (D:9)
1 creature vanquished.

Grand Total: 253 creatures vanquished

Notes
Turn   | Place    | Note
-------+----------+-------------------------------------------
     0 | D:1      | markt42 the Hill Orc Fighter began the quest for the Orb.
     0 | D:1      | Reached XP level 1. HP: 19/19 MP: 1/1
   112 | D:1      | Reached XP level 2. HP: 27/27 MP: 2/2
   159 | D:1      | Reached skill level 3 in Axes
   386 | D:1      | Reached XP level 3. HP: 33/33 MP: 3/3
   924 | D:2      | Found a faded altar of an unknown god.
  1258 | D:2      | Reached skill level 4 in Axes
  1258 | D:2      | Reached XP level 4. HP: 40/40 MP: 4/4
  1790 | D:3      | Found a blossoming altar of Fedhas.
  1981 | D:3      | Noticed angel3174's ghost (amateur DsGl)
  1987 | D:3      | Killed angel3174's ghost
  1987 | D:3      | Reached XP level 5. HP: 47/47 MP: 5/5
  1993 | D:3      | Reached skill level 5 in Axes
  2467 | D:4      | Found a hide-covered altar of Uskayaw.
  2474 | D:4      | Noticed a hand axe
  2475 | D:4      | Noticed a hand axe
  2501 | D:4      | Reached XP level 6. HP: 47/53 MP: 6/6
  2582 | D:4      | Found a staircase to the Ecumenical Temple.
  2613 | D:4      | Reached skill level 5 in Fighting
  2613 | D:4      | Reached skill level 6 in Axes
  2631 | Temple   | Entered the Ecumenical Temple
  2639 | Temple   | Became a worshipper of Warmaster Okawaru
  2932 | D:4      | Noticed a phantom
  2968 | D:4      | Killed a phantom
  3129 | D:5      | Entered Level 5 of the Dungeon
  3205 | D:5      | Reached skill level 7 in Axes
  3205 | D:5      | Reached XP level 7. HP: 40/61 MP: 7/7
  3519 | D:5      | Reached skill level 5 in Shields
  3538 | D:5      | Reached skill level 8 in Axes
  3801 | D:5      | Reached * piety under Okawaru
  4275 | D:5      | Reached XP level 8. HP: 70/70 MP: 8/8
  4578 | D:6      | Reached skill level 9 in Axes
  5116 | D:6      | Reached skill level 10 in Axes
  5407 | D:7      | Reached ** piety under Okawaru
  5607 | D:7      | Reached skill level 11 in Axes
  5607 | D:7      | Reached skill level 5 in Armour
  5607 | D:7      | Reached skill level 1 in Dodging
  5607 | D:7      | Reached XP level 9. HP: 45/79 MP: 9/9
  6211 | D:7      | Reached *** piety under Okawaru
  6537 | D:8      | Reached skill level 12 in Axes
  6596 | D:8      | Gained mutation: You are clumsy. (Dex -2) [mutagenic glow]
  6772 | D:8      | Noticed a hornet
  6776 | D:8      | Paralysed by a hornet for 2 turns
  6783 | D:8      | Killed a hornet
  6783 | D:8      | Reached **** piety under Okawaru
  6945 | D:8      | Reached skill level 13 in Axes
  7078 | D:8      | Reached XP level 10. HP: 78/88 MP: 10/10
  7208 | D:9      | Noticed Reyan's ghost (novice TrMo)
  8176 | D:9      | Found a glowing golden altar of the Shining One.
  8518 | D:9      | Found a staircase to the Orcish Mines.
  8688 | D:9      | Reached skill level 14 in Axes
  8911 | D:9      | Reached ***** piety under Okawaru
  9860 | D:9      | Lost mutation: You are clumsy. (Dex -2) [potion of cure mutation]
  9861 | D:9      | Gained mutation: You have a pair of small antennae on your head. [potion of mutation]
  9861 | D:9      | Gained mutation: Scrolls take you a little longer to read. [potion of mutation]
  9861 | D:9      | Gained mutation: You are frail. (-10% HP) [potion of mutation]
 10012 | D:9      | Gained mutation: Your muscles are strong. (Str +2) [potion of mutation]
 10012 | D:9      | Gained mutation: You possess an exceptional clarity of mind. [potion of mutation]
 10012 | D:9      | Lost mutation: You are frail. (-10% HP) [potion of mutation]
 10044 | D:9      | Noticed a purple ugly thing
 10062 | D:9      | Killed a purple ugly thing
 10062 | D:9      | Received a gift from Okawaru
 10063 | D:9      | Got a steaming battleaxe {god gift}
 10069 | D:9      | Identified the +1 battleaxe of the Puffball {drain, rF+ MR+} (Okawaru gifted it to you on level 9 of the Dungeon)
 10104 | D:10     | Entered Level 10 of the Dungeon
 10476 | D:9      | Mangled by Reyan's ghost

Skill      XL: |  1  2  3  4  5  6  7  8  9 10 |
---------------+-------------------------------+-----
Fighting       | 4 5 7 8 9 |  9.6
Axes           | 3 4 5 7 8 11 13 14 | 14.7
Shields        | 4 5 6 7 |  7.3
Armour         | 4 5 6 |  6.4
Dodging        | 1 |  1.0
Evocations     | |  0.2

Action                   |  1- 3 |  4- 6 |  7- 9 | 10-12 || total
-------------------------+-------+-------+-------+-------++-------
Melee: War axe           |   125 |   174 |   441 |   316 ||  1056
       Battleaxe         |       |       |       |    12 ||    12
Evoke: Wand              |       |       |       |     8 ||     8
  Use: Potion            |       |     1 |     6 |     6 ||    13
       Scroll            |       |       |     9 |     3 ||    12
 Stab: Paralysed         |       |       |       |     9 ||     9
  Eat: Chunk             |       |     8 |    13 |     6 ||    27
       Fruit             |       |       |       |     2 ||     2
       Pizza             |       |       |       |     2 ||     2
       Royal jelly       |       |       |       |     1 ||     1
       Beef jerky        |       |       |       |     1 ||     1
Armor: Scale mail        |    30 |       |       |       ||    30
       Chain mail        |    46 |    77 |    14 |       ||   137
       Plate armour      |       |       |   223 |    96 ||   319
Dodge: Dodged            |    38 |    34 |    66 |    36 ||   174
Block: Shield            |    72 |    88 |   226 |   154 ||   540
       Reflection        |       |       |     3 |     9 ||    12
